 Dungeon Crawl Stone Soup version 0.29-a0-1047-g7c58e119a4 (webtiles) character file.

Game seed: 9520277345381999970

40 Zonian the Chiller (level 3, -5/16 HPs)
             Began as a Vine Stalker Ice Elementalist on Aug 16, 2022.
             Slain by Sigmund
             ... wielding a +0 scythe
              (8 damage)
             ... on level 2 of the Dungeon.
             The game lasted 00:03:16 (1823 turns).

Zonian the Chiller (Vine Stalker Ice Elementalist)  Turns: 1823, Time: 00:03:17

Health: -5/16      AC:  3    Str: 10    XL:     3   Next: 50%
Magic:  0/8        EV: 12    Int: 17    God:
Gold:   43         SH:  0    Dex: 14    Spells: 0/7 levels left

rFire   . . .      SeeInvis .   e - +2 dagger (venom)
rCold   . . .      Faith    .   (no shield)
rNeg    . . .      Spirit   +   a - +0 robe
rPois   .          Reflect  .   (no helmet)
rElec   .          Harm     .   (no cloak)
rCorr   .          Rampage  .   d - +0 pair of gloves
Will    .....                   (no boots)
Stlth   ++........              (no amulet)
HPRegen 0.05/turn               (no ring)
MPRegen 0.11/turn               (no ring)

@: no status effects
A: fangs 2, magic shield, antimagic bite, no potion heal 2
a: no special abilities


You were on level 2 of the Dungeon.
You visited 1 branch of the dungeon, and saw 2 of its levels.

You collected 43 gold pieces.

Inventory:

Hand Weapons
 e - a +2 dagger of venom (weapon)
 h - a +2 antimagic short sword
Armour
 a - a +0 robe (worn)
 d - a +0 pair of gloves (worn)
 n - a +0 pair of boots
Scrolls
 f - a scroll of vulnerability
 i - a scroll of teleportation {unknown}
Potions
 c - a potion of flight {unknown}
 g - a potion of heal wounds {unknown}
 j - a potion of mutation {unknown}
 l - 2 potions of cancellation
 p - a potion of haste {unknown}
 q - 2 potions of degeneration {unknown}


   Skills:
 + Level 2.0 Dodging
 + Level 3.2 Stealth
 + Level 2.7 Spellcasting
 + Level 4.2 Ice Magic


You couldn't memorise any spells.
You knew the following spells:

 Your Spells              Type           Power      Damage    Failure   Level
a - Freeze                Ice            64%        1d8       3%          1
b - Frozen Ramparts       Ice            32%        1d5       10%         3
c - Ozocubu's Armour      Ice            16%        N/A       10%         3

Your spell library contained the following spells:

 Spells                   Type           Power      Damage    Failure   Level
 Ensorcelled Hibernation  Hex/Ice        18%        N/A       11%         2
 Blink                    Tloc           4%         N/A       26%         2
 Passwall                 Tmut/Erth      1%         N/A       26%         2
 Swiftness                Air            2%         N/A       47%         3
 Hailstorm                Conj/Ice       9%         3d4       58%         4
 Manifold Assault         Tloc           2%         N/A       99%         5
 Storm Form               Tmut/Air       1%         N/A       100%        7


Dungeon Overview and Level Annotations

Branches:
Dungeon (2/15)

Altars:

Annotations:
D:2 Sigmund


Innate Abilities, Weirdness & Mutations

You have extremely sharp teeth.
When hurt, damage is shared between your health and your magic reserves.
Your bite disrupts and absorbs the magic of your enemies.
Potions cannot restore your health.


Message History

The magic dart hits you. Magic courses through your body.
Sigmund closely misses you.
You hit Sigmund but do no damage.
Sigmund says, "Look into my eyes."
Sigmund misses you.
You hit Sigmund but do no damage. Your bite misses Sigmund.
Sigmund hits you with a +0 scythe.
You hit Sigmund.
Sigmund is poisoned.
Sigmund is lightly wounded.
You hit Sigmund but do no damage.
Sigmund looks even sicker.
Your bite misses Sigmund.
Sigmund is lightly wounded.
Sigmund casts a spell at you. The puff of flame hits you!
* * * LOW HITPOINT WARNING * * *
You barely miss Sigmund.
Sigmund is lightly wounded.
Sigmund misses you.
You hit Sigmund but do no damage. Your bite misses Sigmund.
Sigmund is moderately wounded.
Sigmund points at you and mumbles some strange words.
You are confused.
You're too confused to move!
Sigmund completely misses you.
Unknown command.
Your system rejects the healing.
You feel better.
You closely miss Sigmund.
Sigmund is moderately wounded.
Sigmund hits you with a +0 scythe.
You hit Sigmund.
Sigmund looks as sick as possible!
Your bite misses Sigmund.
Sigmund is severely wounded.
Sigmund barely misses you.
You hit Sigmund but do no damage.
Sigmund looks as sick as possible!
Your bite misses Sigmund.
Sigmund is severely wounded.
You closely miss Sigmund.
Sigmund is severely wounded.
Sigmund hits you with a +0 scythe!
Ouch! That really hurt!
You die...

#†........{........#
#.##.##..#...#.###.#
.....##.........##.#
#@#####.##...##.##.#
#.## #.####.....<.#
......†.# ####.####
..>...... #..#
.#.......# ##@#
.#.......# #@#
.$.......# ###.#
#........# #...#
#.....)..# #.###
...... #.# ..####
#.# .###### #.#
.##...### #.#
....#...# #.#


You could see Sigmund (extremely poisoned).

Vanquished Creatures
  2 dart slugs
  7 endoplasms
  2 giant cockroaches
  3 goblins
  3 hobgoblins (D:1)
  2 kobolds (D:1)
  A quokka (D:1)
  8 bats
  2 frilled lizards (D:1)
  2 rats (D:1)
32 creatures vanquished.

Notes
Turn   | Place    | Note
-------+----------+-------------------------------------------
     0 | D:1      | Zonian the Vine Stalker Ice Elementalist began the quest
                  | for the Orb.
     0 | D:1      | Reached XP level 1. HP: 9/9 MP: 4/4
   238 | D:1      | Reached XP level 2. HP: 11/13 MP: 4/6
   801 | D:1      | Reached XP level 3. HP: 16/16 MP: 7/7
  1132 | D:2      | Noticed Sigmund
  1538 | D:2      | Learned a level 3 spell: Frozen Ramparts
  1542 | D:2      | Learned a level 3 spell: Ozocubu's Armour
  1823 | D:2      | Slain by Sigmund

Illustrated notes

Levels and vault maps discovered:
D:1:      saegor_arrival_simple_d, layout_loops_ring, minivault_4,
          minmay_close_crescents
D:2:      layout_loops_cross, uniq_sigmund

Skill      XL: |  1  2  3 |
---------------+----------+-----
Stealth        | 3 |  3.2
Dodging        | 2 |  2.0
Spellcasting   | |  2.7
Ice Magic      | |  4.2

Action                   || total
-------------------------++-------
Melee: Unarmed           ||     6
       Bite              ||    14
       Dagger            ||    48
 Cast: Freeze            ||    13
  Use: Scroll            ||     4
       Potion            ||     3
 Stab: Sleeping          ||     6
Armor: Robe              ||    13
Dodge: Dodged            ||    32

Table legend: (Time is in decaauts)
 A = Elapsed time spent in this place.
 B = Non-inter-level travel time spent in this place.
 C = Inter-level travel time spent in this place.
 D = Time resting spent in this place.
 E = Time spent auto-exploring this place.
 F = Levels seen in this place.
 G = Mean time per level.
                   A        B        C        D        E       F      G
               +--------+--------+--------+--------+--------+-----+--------+
         Total |   1824 |   1758 |     66 |    349 |    983 |   2 |  912.0 |
       Dungeon |   1824 |   1758 |     66 |    349 |    983 |   2 |  912.0 |
               +--------+--------+--------+--------+--------+-----+--------+

Top non-repeatable levels by time:
     D:1: 1407 daAuts
     D:2: 417 daAuts
